 Dungeon Crawl Stone Soup version 0.30-a0-451-ge042605de7 (webtiles) character file.

Game seed: 5483216499394192995

7 NinjaNoafa the Grave Robber (level 1, 0/10 HPs)
             Began as a Deep Elf Necromancer on Dec 11, 2022.
             Slain by a gnoll
             ... wielding a +0 whip
              (2 damage)
             ... on level 1 of the Dungeon.
             The game lasted 00:03:25 (283 turns).

NinjaNoafa the Grave Robber (Deep Elf Necromancer)   Turns: 283, Time: 00:03:26

Health: 0/10       AC:  3    Str:  5    XL:     1   Next: 91%
Magic:  3/6        EV: 12    Int: 19    God:
Gold:   0          SH:  0    Dex: 15    Spells: 5/6 levels left

rFire   . . .      SeeInvis .    i - +0 dagger
rCold   . . .      Faith    .    (no shield)
rNeg    . . .      Spirit   .    a - +0 robe
rPois   .          Reflect  .    (no helmet)
rElec   .          Harm     .    f - +0 cloak
rCorr   .          Rampage  .    (no gloves)
Will    .....                    (no boots)
Stlth   ++........               (no amulet)
HPRegen 0.21/turn                (no ring)
MPRegen 0.10/turn                (no ring)

@: about to teleport
A: no striking features
a: no special abilities


You were on level 1 of the Dungeon.
You visited 1 branch of the dungeon, and saw 1 of its levels.

Inventory:

Hand Weapons
 i - a +0 dagger (weapon)
Missiles
 c - 16 stones
Armour
 a - a +0 robe (worn)
 f - a +0 cloak (worn)
Scrolls
 e - a scroll of identify {unknown}
 h - a scroll of noise {unknown}
Potions
 b - a potion of magic
 g - 2 potions of mutation {unknown}


   Skills:
 - Level 2.4 Dodging
 - Level 2.4 Stealth
 + Level 3.4 Spellcasting
 + Level 5.1 Necromancy


You had 5 spell levels left.
You knew the following spells:

 Your Spells              Type           Power      Damage    Failure   Level
a - Necrotise             Necr           88%        1d8       1%          1

Your spell library contained the following spells:

 Spells                   Type           Power      Damage    Failure   Level
 Vampiric Draining        Necr           22%        2d7       5%          3
 Animate Dead             Necr           22%        N/A       19%         4
 Agony                    Necr           22%        N/A       45%         5


Dungeon Overview and Level Annotations

Branches:
Dungeon (1/15)

Altars:


Message History

The rat closely misses you.
Casting: Necrotise (safe; 1% risk of failure)
Confirm with . or Enter, or press ? or * to list all spells.
Aiming: Necrotise (safe; 1% risk of failure)
Press: ? - help, Shift-Dir - straight line, f - rat
Aim: a rat (chance to affect: 91%)
The rat barely resists.
The rat bites you. The rat barely misses you.
Casting: Necrotise (safe; 1% risk of failure)
Confirm with . or Enter, or press ? or * to list all spells.
Aiming: Necrotise (safe; 1% risk of failure)
Press: ? - help, Shift-Dir - straight line, f/p - rat
Aim: a rat (chance to affect: 91%)
The rat writhes in agony.
The rat barely misses you.
Casting: Necrotise (safe; 1% risk of failure)
Confirm with . or Enter, or press ? or * to list all spells.
Aiming: Necrotise (safe; 1% risk of failure)
Press: ? - help, Shift-Dir - straight line, f/p - rat
Aim: a rat (severely wounded, chance to affect: 91%)
The rat writhes in agony!
You kill the rat!
The dead are walking!
Casting: Necrotise (safe; 1% risk of failure)
Confirm with . or Enter, or press ? or * to list all spells.
Aiming: Necrotise (safe; 1% risk of failure)
Press: ? - help, Shift-Dir - straight line, f - gnoll
Aim: a gnoll, wielding a +0 whip (chance to affect: 86%)
The gnoll writhes in agony.
The gnoll attacks as you move away! The gnoll hits you with a +0 whip.
Ouch! That really hurt!
Your rat skeleton closely misses the gnoll.
The gnoll attacks as you move away! The gnoll completely misses you.
The gnoll attacks as you move away! The gnoll hits you with a +0 whip.
Ouch! That really hurt!
* * * LOW HITPOINT WARNING * * *
Okay, then.
As you read the scroll labelled IPHUG IPAKLO, it crumbles to dust.
You feel strangely unstable.
It was a scroll of teleportation.
The gnoll hits you with a +0 whip.
You die...

.# ###....##....#
. ..
#..##.#..##.#..#
.. #.#.##..#.##..#
.. ###....##Z...##
.⌠
#..#.##..#.##..#
.. #..##.#..##.#.
# ..
#......####### ..
######g.......
.#### #@#######
###.############.#
##...##..........#
..#.....##########
##...#### ##.##
#.# #.# .##


You could see a gnoll.

Vanquished Creatures
  An endoplasm (D:1)
  A kobold (D:1)
  2 quokkas (D:1)
  A frilled lizard (D:1)
  A rat (D:1)
6 creatures vanquished.

Vanquished Creatures (collateral kills)
  A rat (D:1)
1 creature vanquished.

Grand Total: 7 creatures vanquished

Notes
Turn   | Place    | Note
-------+----------+-------------------------------------------
     0 | D:1      | NinjaNoafa the Deep Elf Necromancer began the quest for the
                  | Orb.
     0 | D:1      | Reached XP level 1. HP: 10/10 MP: 6/6
    81 | D:1      | Reached skill level 5 in Necromancy
   283 | D:1      | Slain by a gnoll

Illustrated notes

Levels and vault maps discovered:
D:1:      dpeg_arrival_water_temple_mockup, layout_loops_ring,
          hellmonk_ecumenical_altar_lost_god, nicolae_eternal_life, minivault_27

Skill      XL: |  1 |
---------------+----+-----
Necromancy     | 5 |  5.1
Dodging        | |  2.4
Stealth        | |  2.4
Spellcasting   | |  3.4

Action                   || total
-------------------------++-------
Melee: Unarmed           ||     1
 Cast: Necrotise         ||    11
  Use: Scroll            ||     1
Armor: Robe              ||     1
Dodge: Dodged            ||     5

Table legend: (Time is in decaauts)
 A = Elapsed time spent in this place.
 B = Non-inter-level travel time spent in this place.
 C = Inter-level travel time spent in this place.
 D = Time resting spent in this place.
 E = Time spent auto-exploring this place.
 F = Levels seen in this place.
 G = Mean time per level.
                   A        B        C        D        E       F      G
               +--------+--------+--------+--------+--------+-----+--------+
         Total |    282 |    282 |      0 |      0 |    209 |   1 |  282.0 |
       Dungeon |    282 |    282 |      0 |      0 |    209 |   1 |  282.0 |
               +--------+--------+--------+--------+--------+-----+--------+

Top non-repeatable levels by time:
     D:1: 282 daAuts
